 Dungeon Crawl Stone Soup version 0.29.1-14-g9c671dbff4 (webtiles) character file.

Game seed: 836471602110366459

42 wolfrpgdude the Trooper (level 3, -4/33 HPs)
             Began as a Minotaur Fighter on Feb 12, 2023.
             Slain by a gnoll
             ... wielding a +0 halberd
              (6 damage)
             ... on level 2 of the Dungeon.
             The game lasted 00:03:16 (1182 turns).

wolfrpgdude the Trooper (Minotaur Fighter)          Turns: 1182, Time: 00:03:17

Health: -4/33      AC:  7    Str: 22    XL:     3   Next: 35%
Magic:  2/2        EV:  9    Int:  5    God:
Gold:   88         SH:  4    Dex:  9    Spells: 2/2 levels left

rFire   . . .      SeeInvis .   h - +2 dagger (venom)
rCold   . . .      Faith    .   c - +0 buckler
rNeg    . . .      Spirit   .   b - +0 scale mail
rPois   .          Reflect  .   (helmet restricted)
rElec   .          Harm     .   (no cloak)
rCorr   .          Rampage  .   (no gloves)
Will    .....                   (no boots)
Stlth   ..........              (no amulet)
HPRegen 0.11/turn               (no ring)
MPRegen 0.08/turn               (no ring)

@: no status effects
A: horns 2, retaliatory headbutt
a: no special abilities


You were on level 2 of the Dungeon.
You visited 1 branch of the dungeon, and saw 2 of its levels.

You collected 88 gold pieces.

Inventory:

Hand Weapons
 a - a +0 long sword of freezing
 h - a +2 dagger of venom (weapon)
Armour
 b - a +0 scale mail (worn)
 c - a +0 buckler (worn)
Scrolls
 j - 2 scrolls of identify
Potions
 d - 2 potions of might
 e - 4 potions of curing
 f - a potion of mutation {unknown}
 g - a potion of brilliance {unknown}
 i - a potion of heal wounds {unknown}
 k - a potion of haste {unknown}


   Skills:
 + Level 4.1 Fighting
 + Level 0.3(1.6) Short Blades
 + Level 3.0 Long Blades
 + Level 4.0 Armour
 + Level 0.5 Dodging
 + Level 4.1 Shields


You had 2 spell levels left.
You didn't know any spells.
Your spell library contained the following spells:

 Spells                   Type           Power      Damage    Failure   Level
 Magic Dart               Conj           0%         1d3       87%         1
 Searing Ray              Conj           0%         2d4       95%         2
 Fulminant Prism          Conj/Hex       0%         3d6       100%        4


Dungeon Overview and Level Annotations

Branches:
Dungeon (2/15)

Altars:

Shops:
D:1 [!?*(   D:2 !


Innate Abilities, Weirdness & Mutations

You have a pair of horns on your head.
You reflexively headbutt those who attack you in melee.


Message History

You headbutt the worm, but do no damage.
The worm is moderately wounded.
The worm barely misses you.
You barely miss the worm.
The worm is moderately wounded.
You hit the worm.
The worm is poisoned.
Your headbutt misses the worm.
The worm is heavily wounded.
The worm barely misses you.
You hit the worm.
The worm looks as sick as possible!
The worm is severely wounded.
The worm bites you!
You hit the worm.
The worm looks as sick as possible!
The worm is almost dead.
You kill the worm!
Your Armour skill increases to level 4!
A gnoll and a dart slug come into view.
The gnoll shouts!
You hear a shout!
A gnoll comes into view. It is wielding a +0 halberd.
The dart slug launches a dart at you. The slug dart hits you.
The gnoll shouts!
A gnoll comes into view. It is wielding a +0 club.
You block the gnoll's attack. The gnoll barely misses you.
You block the gnoll's attack.
The gnoll hits you from afar with a +0 halberd.
You hit the gnoll.
The gnoll is poisoned.
The gnoll is lightly wounded.
The gnoll hits you but does no damage.
The gnoll hits you from afar with a +0 halberd!
You hit the gnoll.
The gnoll looks as sick as possible!
The gnoll is moderately wounded.
The gnoll hits you from afar with a +0 halberd.
The gnoll hits you with a +0 club. The gnoll hits you with a +0 halberd.
* * * LOW HITPOINT WARNING * * *
You hit the gnoll.
The gnoll is poisoned.
The gnoll is moderately wounded.
The gnoll hits you with a +0 club.
* * * LOW HITPOINT WARNING * * *
The gnoll hits you with a +0 halberd.
You die...

#.....## ##.#. #...#.#
#... #####.## ##... ##.##
##..#. ### ##.###..... ..
##......## #. ####...#
#.####.##### #...##
.......wg@.# #.....
.......g##g#.########....#
........##.#.#.....†......
......#.#.................
......#.#.##.#............
......#.#....##.#####....#
..... ..#.#####.# #..)..
###.# ###.#####.# #.....
#.......# #.....


You could see 3 gnolls and a dart slug.

Vanquished Creatures
  An adder (D:2)
  2 worms (D:2)
  A dart slug (D:1)
  2 endoplasms
  4 kobolds (D:1)
  A quokka (D:2)
  A ball python (D:1)
  4 bats
  4 frilled lizards
  4 goblins
  3 rats (D:1)
27 creatures vanquished.

Notes
Turn   | Place    | Note
-------+----------+-------------------------------------------
     0 | D:1      | wolfrpgdude the Minotaur Fighter began the quest for the
                  | Orb.
     0 | D:1      | Reached XP level 1. HP: 19/19 MP: 0/0
   199 | D:1      | Found Niriuz's Armour Shoppe.
   275 | D:1      | Reached XP level 2. HP: 24/27 MP: 1/1
   305 | D:1      | Found Utoolula's General Store.
   305 | D:1      | Found Kunipis's Magic Scroll Boutique.
   608 | D:1      | Found Kokofep's Distillery.
   619 | D:1      | Found Xapsutz's Antique Weapon Boutique.
   816 | D:2      | Reached XP level 3. HP: 19/33 MP: 2/2
   841 | D:2      | Found Qaugiuty's Distillery.
  1182 | D:2      | Slain by a gnoll

Illustrated notes

Levels and vault maps discovered:
D:1:      dpeg_arrival_houses_and_road, layout_rooms, serial_shops, shop,
          shop_fountains, shop, nicolae_diamond_shop, shop
D:2:      layout_loops_cross, basic_altar, serial_shops,
          nicolae_shop_behind_doors, hellmonk_ecumenical_altar_prayer_group

Skill      XL: |  1  2  3 |
---------------+----------+-----
Fighting       | 4 |  4.1
Shields        | 4 |  4.1
Long Blades    | 3 |  3.0
Armour         | 4 |  4.0
Short Blades   | |  0.3
Dodging        | |  0.5

Action                   || total
-------------------------++-------
Melee: Long sword        ||    23
       Headbutt          ||     8
       Dagger            ||    48
  Use: Scroll            ||     4
Armor: Scale mail        ||    27
Dodge: Dodged            ||    31
Block: Buckler           ||    16
